Map: Blackburn LE

Players

Vanya - Winner!

  • Race: Zerg Zerg
  • League: Master

ShaDoWn

  • Race: Protoss Protoss
  • League: Grandmaster

Event: DreamHack SC2 Masters 2021 Summer

VOD

Have the link to the VOD?

Description

Time

  • Played on: May 28, 2021, 2:14 p.m.
  • Length: 12:05

All games in this series

Show
View Real Time Build Order
Export as new Build Order

Vanya Zerg - Winner!

Build Orders: Hatch First 

Get SALT Encoding   

  12  0:00  Drone  
  13  0:12  Overlord  
  13  0:17  Drone  
  14  0:30  Drone x2  
  16  0:47  Hatchery  
  15  0:51  Drone  
  15  0:54  Drone  
  17  0:57  Drone  
  18  1:08  Extractor  
  17  1:13  Spawning Pool  
  17  1:16  Drone  
  17  1:20  Drone  
  18  1:27  Drone  
  19  1:39  Drone  
  20  1:49  Overlord  
  20  2:00  Queen x2  
  20  2:01  Zergling x4  
  26  2:11  Drone x2, Metabolic Boost  
  28  2:21  Drone x2  
  30  2:34  Hatchery  
  29  2:37  Drone  
  29  2:44  Queen  
  30  2:48  Overlord  
  33  2:51  Drone  
  33  2:54  Drone  
  33  2:56  Drone  
  35  2:58  Drone  
  36  3:09  Drone x2  
  36  3:10  Zergling x4  
  40  3:13  Overlord  
  40  3:16  Drone  
  41  3:20  Queen  
  41  3:22  Drone  
  44  3:32  Drone  
  44  3:33  Drone, Queen  
  48  3:38  Overlord  
  48  3:43  Spore Crawler  
  47  3:52  Drone x4  
  47  3:54  Drone  
  50  3:57  Queen  
  50  4:00  Zergling x4, Spore Crawler  
  50  4:02  Drone  
  54  4:04  Drone  
  54  4:06  Drone  
  54  4:07  Drone  
  57  4:10  Drone  
  57  4:12  Overlord  
  57  4:16  Overlord  
  58  4:23  Lair  
  57  4:31  Drone x7  
  57  4:32  Drone  
  57  4:37  Roach Warren  
  64  4:39  Drone x2  
  64  4:45  Extractor, Drone x3  
  66  4:46  Extractor, Drone  
  66  4:48  Drone  
  66  4:49  Drone  
  66  4:52  Overlord  
  70  4:54  Drone x2  
  70  4:56  Drone  
  73  5:01  Overlord  
  73  5:07  Overlord  
  73  5:08  Drone  
  73  5:12  Drone x4  
  78  5:14  Extractor x2  
  78  5:15  Drone x4, Evolution Chamber  
  78  5:16  Extractor  
  78  5:22  Hydralisk Den  
  78  5:25  Drone x2, Glial Reconstitution  
  78  5:26  Drone x2, Overseer  
  81  5:41  Overlord  
  81  5:43  Zerg Ground Armor Level 1  
  81  5:53  Grooved Spines  
  81  5:56  Hydralisk  
  81  5:57  Hydralisk x2  
  80  5:58  Overlord  
  80  5:59  Hydralisk  
  80  6:01  Queen x2  
  92  6:07  Hydralisk x2  
  92  6:08  Overlord x3  
  96  6:12  Hydralisk  
  96  6:13  Overlord  
  96  6:17  Hydralisk x3  
  104  6:23  Hydralisk, Overlord  
  106  6:28  Hydralisk x4  
  114  6:34  Hydralisk x2  
  118  6:41  Overlord  
  118  6:50  Hydralisk x2  
  118  6:51  Hatchery  
  120  6:54  Overlord  
  120  6:56  Hydralisk x2  
  124  7:02  Hydralisk x2  
  124  7:05  Muscular Augments  
  124  7:08  Hydralisk x2  
  128  7:12  Hydralisk  
  128  7:26  Hydralisk x5  
  128  7:29  Zergling x16  
  142  7:34  Queen x2  
  146  7:38  Overlord  
  146  7:42  Hydralisk  
  146  7:43  Hydralisk  
  150  7:49  Hydralisk x2  
  153  7:55  Hydralisk  
  153  7:57  Zerg Missile Weapons Level 1  
  153  7:58  Hydralisk  
  151  8:02  Hydralisk x2  
  151  8:19  Hydralisk x6  
  144  8:30  Zergling x24  
  151  8:37  Hydralisk x2  
  150  8:45  Hydralisk  
  150  8:46  Hydralisk x4  
  135  8:58  Drone  
  135  8:59  Drone x5  
  135  9:06  Hydralisk x2  
  133  9:13  Spire  
  125  9:21  Hydralisk x3  
  127  9:26  Drone x3  
  127  9:27  Drone  
  127  9:30  Queen  
  120  9:32  Queen  
  118  9:39  Zergling x14  
  118  9:43  Zergling x2  
  118  9:44  Zergling x6  
  127  9:51  Drone x2  
  127  9:52  Drone  
  126  9:54  Queen  
  126  9:55  Extractor x2  
  126  9:56  Drone  
  127  10:03  Drone x3  
  126  10:19  Zergling x14  
  121  10:32  Corruptor x5  
  121  10:34  Hatchery  
  122  10:45  Corruptor x4  
  125  10:52  Corruptor  
  125  10:56  Corruptor  
  125  10:57  Corruptor  
  124  11:02  Drone  
  124  11:03  Drone x2  
  128  11:09  Corruptor x2  
  131  11:12  Drone x3  
  131  11:17  Corruptor  
  134  11:24  Drone x7  
  141  11:32  Corruptor x2  
Show
View Real Time Build Order
Export as new Build Order

ShaDoWn Protoss 

Build Orders: 1 Gate Expand, Carriers, Carrier Rush 

Get SALT Encoding   

  12  0:00  Probe  
  13  0:12  Probe  
  14  0:21  Pylon  
  14  0:24  Probe  
  15  0:39  Probe (Chrono Boost), Gateway  
  16  0:44  Assimilator  
  16  0:49  Probe (Chrono Boost)  
  17  0:54  Probe (Chrono Boost)  
  18  1:05  Probe  
  19  1:18  Probe  
  20  1:25  Nexus  
  20  1:36  Cybernetics Core  
  20  1:40  Probe  
  20  1:44  Assimilator  
  21  1:52  Probe  
  22  1:55  Pylon  
  22  2:05  Probe (Chrono Boost)  
  23  2:11  Adept (Chrono Boost)  
  25  2:17  Probe (Chrono Boost)  
  25  2:19  Stargate  
  26  2:23  Warp Gate  
  26  2:24  Probe (Chrono Boost)  
  27  2:34  Probe (Chrono Boost), Adept  
  27  2:37  Probe (Chrono Boost)  
  32  2:46  Probe (Chrono Boost)  
  32  2:47  Probe (Chrono Boost)  
  33  2:51  Probe (Chrono Boost)  
  33  2:55  Probe, Void Ray (Chrono Boost)  
  35  3:03  Probe  
  40  3:08  Probe  
  40  3:11  Pylon  
  41  3:15  Probe  
  41  3:19  Gateway  
  42  3:20  Probe  
  43  3:27  Probe  
  43  3:32  Probe  
  45  3:39  Probe  
  46  3:43  Nexus  
  46  3:44  Probe  
  47  3:51  Probe  
  47  3:52  Pylon  
  48  3:56  Probe  
  48  3:57  Assimilator  
  48  3:59  Assimilator  
  49  4:03  Probe  
  49  4:08  Probe  
  51  4:12  Stargate  
  51  4:14  Fleet Beacon  
  52  4:17  Probe  
  52  4:20  Probe  
  52  4:23  Shield Battery  
  53  4:29  Probe  
  54  4:32  Probe  
  55  4:41  Probe  
  55  4:44  Probe  
  57  4:53  Probe, Carrier x2 (Chrono Boost)  
  57  4:56  Probe x2  
  72  5:05  Probe  
  73  5:07  Pylon  
  73  5:08  Probe x2  
  73  5:11  Forge  
  73  5:13  Assimilator  
  71  5:17  Probe  
  71  5:18  Assimilator  
  71  5:20  Probe  
  71  5:21  Probe  
  74  5:27  Pylon  
  74  5:29  Probe  
  74  5:32  Probe  
  74  5:33  Probe  
  74  5:34  Protoss Air Weapons Level 1  
  77  5:40  Carrier (Chrono Boost)  
  77  5:41  Probe  
  78  5:46  Carrier (Chrono Boost)  
  78  5:47  Probe  
  91  5:51  Probe  
  91  5:56  Pylon  
  92  5:59  Probe  
  92  6:00  Protoss Ground Weapons Level 1  
  93  6:05  Pylon  
  93  6:06  Pylon  
  93  6:10  Twilight Council  
  93  6:14  Probe x3  
  93  6:18  Flux Vanes  
  96  6:33  Photon Cannon  
  96  6:34  Photon Cannon  
  96  6:37  Photon Cannon  
  102  6:40  Carrier (Chrono Boost)  
  102  6:42  Carrier (Chrono Boost)  
  102  6:46  Shield Battery  
  108  6:53  Shield Battery  
  108  6:56  Photon Cannon  
  108  7:03  Photon Cannon  
  108  7:09  Probe  
  103  7:26  Tempest (Chrono Boost)  
  103  7:29  Tempest (Chrono Boost)  
  108  7:33  Shield Battery  
  108  7:35  Pylon  
  108  7:36  Pylon  
  113  7:43  Shield Battery  
  107  7:47  Photon Cannon  
  107  7:51  Shield Battery  
  101  8:02  Tempest (Chrono Boost)  
  101  8:03  Photon Cannon  
  101  8:04  Sentry x2  
  101  8:05  Tempest (Chrono Boost)  
  115  8:06  Photon Cannon, Shield Battery  
  113  8:17  Probe  
  113  8:19  Probe  
  112  8:21  Shield Battery  
  112  8:23  Photon Cannon  
  112  8:26  Probe  
  113  8:33  Pylon  
  113  8:34  Probe  
  114  8:37  Probe  
  114  8:39  Probe  
  118  8:45  Tempest (Chrono Boost)  
  118  8:48  Pylon  
  123  8:53  Probe  
  121  8:57  Pylon  
  121  9:01  Pylon, Shield Battery  
  121  9:04  Probe  
  121  9:05  Probe  
  121  9:09  Probe, Pylon  
  123  9:16  Stargate  
  113  9:20  Nexus  
  98  9:29  Probe  
  79  9:33  Probe  
  79  9:34  Probe  
  86  9:41  Probe  
  85  10:05  Carrier, Stargate  
  83  10:37  Nexus  
  77  10:44  Probe  
  75  10:50  Void Ray  
  75  10:56  Probe  
  79  11:08  Probe  
  80  11:14  Pylon  
  80  11:20  Probe, Assimilator  
  80  11:21  Void Ray  
  81  11:32  Probe  
  86  11:34  Pylon  
  86  11:36  Pylon  
  90  11:46  Pylon  
  90  11:48  Pylon  
  90  11:49  Probe  
Tags
 
Add a new tag
Caveats
  • Supply blocks, unpowered buildings, or Contaminate may cause inaccurate times.
  • Supply counts are checked every 10 seconds.